TOP OF THE 1ST |
Eau Claire Esquires batting - Pitching for Salem Sledgehammers : RHP Isaac Pope
|
Pitching: RHP Isaac Pope
|
|
Batting: RHB Nelson Castro
|
0-0: Ball 1-0: Ground out 3-1 (Groundball, 34)
|
Batting: LHB Johnny Foley
|
0-0: Ball 1-0: Ground out U3 (Groundball, 3S)
|
Batting: RHB Fernando Castellanos
|
0-0: Foul Ball, location: 2F 0-1: Ball 1-1: Swinging Strike 1-2: Strikes out swinging
|
Top of the 1st over - 0 run(s), 0 hit(s), 0 error(s), 0 left on base; Eau Claire 0 - Salem 0 |
BOTTOM OF THE 1ST |
Salem Sledgehammers batting - Pitching for Eau Claire Esquires : RHP Domingo León
|
Pitching: RHP Domingo León
|
|
Batting: RHB Gilberto Silva
|
0-0: SINGLE (Groundball, 6MD)
|
Batting: SHB Enrique Uribe
|
0-0: Called Strike 0-1: Ball 1-1: Ball 2-1: Grounds into double play, 6-4-3 (Groundball, 6)
|
Batting: LHB Nathan Frey
|
0-0: Ball 1-0: Ball 2-0: Foul Ball, location: 2F 2-1: Ball 3-1: Fly out, F8 (Flyball, 8RXD)
|
Bottom of the 1st over - 0 run(s), 1 hit(s), 0 error(s), 0 left on base; Eau Claire 0 - Salem 0 |
TOP OF THE 2ND |
Eau Claire Esquires batting - Pitching for Salem Sledgehammers : RHP Isaac Pope
|
Batting: LHB José Martínez
|
0-0: Ball 1-0: Foul Ball, location: 2F 1-1: Ball 2-1: Foul Ball, location: 2F 2-2: Ball 3-2: Foul Ball, location: 2F 3-2: Foul Ball, location: 2F 3-2: TRIPLE (Line Drive, 8LD)
|
Batting: RHB Dave Anderson
|
0-0: Ball 1-0: Ball 2-0: DOUBLE (Line Drive, 9) José Martínez scores
|
Batting: RHB Ramón Ybarra
|
0-0: Foul Ball, location: 2F 0-1: Ground out 5-3 (Groundball, 56)
|
Batting: SHB José Gonzáles
|
0-0: Ball 1-0: Called Strike 1-1: Ground out 3-1 (Groundball, 34) Dave Anderson to third
|
Batting: RHB Vincente Ramírez
|
0-0: Called Strike 0-1: Ball 1-1: Foul Ball, location: 2F 1-2: Ground out 4-3 (Groundball, 4)
|
Top of the 2nd over - 1 run(s), 2 hit(s), 0 error(s), 1 left on base; Eau Claire 1 - Salem 0 |
BOTTOM OF THE 2ND |
Salem Sledgehammers batting - Pitching for Eau Claire Esquires : RHP Domingo León
|
Batting: SHB Richard Griffin
|
0-0: Called Strike 0-1: Called Strike 0-2: Ball 1-2: Foul Ball, location: 2F 1-2: Ball 2-2: Fly out, F9 (Flyball, 89M)
|
Batting: RHB Bobby Miller
|
0-0: Ball 1-0: Called Strike 1-1: Foul Ball, location: 2F 1-2: Ball 2-2: Ball 3-2: Foul Ball, location: 2F 3-2: Ground out 6-3 (Groundball, 6)
|
Batting: SHB Júlio Salazar
|
0-0: Ball 1-0: Called Strike 1-1: Ground out 6-3 (Groundball, 6)
|
Bottom of the 2nd over - 0 run(s), 0 hit(s), 0 error(s), 0 left on base; Eau Claire 1 - Salem 0 |
TOP OF THE 3RD |
Eau Claire Esquires batting - Pitching for Salem Sledgehammers : RHP Isaac Pope
|
Batting: SHB Eitor Carocha
|
0-0: Ground out 2-3 (Groundball, 2R)
|
Batting: RHB Nelson Castro
|
0-0: Foul Ball, location: 2F 0-1: Ground out 6-3 (Groundball, 6)
|
Batting: LHB Johnny Foley
|
0-0: Called Strike 0-1: Swinging Strike 0-2: Foul Ball, location: 2F 0-2: Ball 1-2: Strikes out swinging
|
Top of the 3rd over - 0 run(s), 0 hit(s), 0 error(s), 0 left on base; Eau Claire 1 - Salem 0 |
BOTTOM OF THE 3RD |
Salem Sledgehammers batting - Pitching for Eau Claire Esquires : RHP Domingo León
|
Batting: RHB Patrick Daniels
|
0-0: Ball 1-0: Swinging Strike 1-1: Swinging Strike 1-2: Strikes out swinging
|
Batting: RHB José García
|
0-0: Called Strike 0-1: Ground out 5-3 (Groundball, 56S)
|
Batting: RHB Lakota O'Reilly
|
0-0: Swinging Strike 0-1: Foul Ball, location: 2F 0-2: Strikes out swinging
|
Bottom of the 3rd over - 0 run(s), 0 hit(s), 0 error(s), 0 left on base; Eau Claire 1 - Salem 0 |
TOP OF THE 4TH |
Eau Claire Esquires batting - Pitching for Salem Sledgehammers : RHP Isaac Pope
|
Batting: RHB Fernando Castellanos
|
0-0: Called Strike 0-1: Called Strike 0-2: Ball 1-2: Foul Ball, location: 2F 1-2: Ground out 5-3 (Groundball, 5)
|
Batting: LHB José Martínez
|
0-0: Ball 1-0: Foul Ball, location: 2F 1-1: Called Strike 1-2: Ball 2-2: Strikes out looking
|
Batting: RHB Dave Anderson
|
0-0: Called Strike 0-1: Ball 1-1: Called Strike 1-2: Ball 2-2: Foul Ball, location: 2F 2-2: Strikes out swinging
|
Top of the 4th over - 0 run(s), 0 hit(s), 0 error(s), 0 left on base; Eau Claire 1 - Salem 0 |
BOTTOM OF THE 4TH |
Salem Sledgehammers batting - Pitching for Eau Claire Esquires : RHP Domingo León
|
Batting: RHB Gilberto Silva
|
0-0: Foul Ball, location: 2F 0-1: Ball 1-1: Ball 2-1: Ball 3-1: Foul Ball, location: 2F 3-2: Strikes out swinging
|
Batting: SHB Enrique Uribe
|
0-0: Foul Ball, location: 2F 0-1: Foul Ball, location: 2F 0-2: Strikes out swinging
|
Batting: LHB Nathan Frey
|
0-0: Ball 1-0: Foul Ball, location: 2F 1-1: Ball 2-1: Ball 3-1: Foul Ball, location: 2F 3-2: Base on Balls
|
Batting: SHB Richard Griffin
|
0-0: Ball 1-0: Ball 2-0: Ball 3-0: Base on Balls Nathan Frey to second
|
Batting: RHB Bobby Miller
|
0-0: Ball 1-0: Foul Ball, location: 2F 1-1: Fielders Choice at 2nd, 5-4 (Groundball, 56)
|
Bottom of the 4th over - 0 run(s), 0 hit(s), 0 error(s), 1 left on base; Eau Claire 1 - Salem 0 |
TOP OF THE 5TH |
Eau Claire Esquires batting - Pitching for Salem Sledgehammers : RHP Isaac Pope
|
Batting: RHB Ramón Ybarra
|
0-0: Foul Ball, location: 2F 0-1: Ball 1-1: Ground out 5-3 (Groundball, 56S)
|
Batting: SHB José Gonzáles
|
0-0: Ball 1-0: Foul Ball, location: 2F 1-1: Swinging Strike 1-2: Foul Ball, location: 2F 1-2: Foul Ball, location: 2F 1-2: Fly out, F7 (Flyball, 78M)
|
Batting: RHB Vincente Ramírez
|
0-0: Ball 1-0: Fly out, F9 (Flyball, 9)
|
Top of the 5th over - 0 run(s), 0 hit(s), 0 error(s), 0 left on base; Eau Claire 1 - Salem 0 |
BOTTOM OF THE 5TH |
Salem Sledgehammers batting - Pitching for Eau Claire Esquires : RHP Domingo León
|
Batting: SHB Júlio Salazar
|
0-0: SINGLE (Line Drive, 34D)
|
Batting: RHB Patrick Daniels
|
0-0: Ball 1-0: Ground out 5-3 (Groundball, 56S) Júlio Salazar to second
|
Batting: RHB José García
|
0-0: Called Strike 0-1: Foul Ball, location: 2F 0-2: Ball 1-2: Ball 2-2: Foul Ball, location: 2F 2-2: Strikes out swinging
|
Pitching: RHP Pete O'Connor
|
|
Batting: RHB Lakota O'Reilly
|
0-0: Ball 1-0: Swinging Strike 1-1: Foul Ball, location: 2F 1-2: Strikes out swinging
|
Bottom of the 5th over - 0 run(s), 1 hit(s), 0 error(s), 1 left on base; Eau Claire 1 - Salem 0 |
TOP OF THE 6TH |
Eau Claire Esquires batting - Pitching for Salem Sledgehammers : RHP Isaac Pope
|
Batting: SHB Eitor Carocha
|
0-0: Called Strike 0-1: Ball 1-1: Ball 2-1: SINGLE (Groundball, 6MS) (infield hit)
|
Batting: RHB Nelson Castro
|
0-0: Swinging Strike 0-1: Ball 1-1: Ball 2-1: Ball 3-1: Called Strike 3-2: Strikes out swinging
|
Batting: LHB Johnny Foley
|
0-0: Called Strike 0-1: Ball 1-1: Called Strike 1-2: Fielders Choice at 2nd, 6-4 (Groundball, 56)
|
Pitching: RHP Claudio Cuevas
|
|
Batting: RHB Fernando Castellanos
|
0-0: Called Strike 0-1: Fly out, F9 (Flyball, 9D)
|
Top of the 6th over - 0 run(s), 1 hit(s), 0 error(s), 1 left on base; Eau Claire 1 - Salem 0 |
BOTTOM OF THE 6TH |
Salem Sledgehammers batting - Pitching for Eau Claire Esquires : RHP Pete O'Connor
|
Batting: RHB Gilberto Silva
|
0-0: Ball 1-0: Ball 2-0: SINGLE (Line Drive, 56)
|
Batting: SHB Enrique Uribe
|
0-0: Ball 1-0: Called Strike 1-1: Ball 2-1: SINGLE (Line Drive, 89S) Gilberto Silva to second
|
Batting: LHB Nathan Frey
|
0-0: Called Strike 0-1: Foul Ball, location: 2F 0-2: Foul Ball, location: 2F 0-2: Foul Ball, location: 2F 0-2: Ball 1-2: Foul Ball, location: 2F 1-2: Foul Ball, location: 2F 1-2: Strikes out swinging
|
Batting: SHB Richard Griffin
|
0-0: Ball 1-0: Ball 2-0: Foul Ball, location: 2F 2-1: Called Strike 2-2: Ball 3-2: Base on Balls Gilberto Silva to third Enrique Uribe to second
|
Batting: RHB Bobby Miller
|
0-0: Fly out, F2 (Popup, 34S)
|
Batting: SHB Júlio Salazar
|
0-0: Foul Ball, location: 2F 0-1: Ball 1-1: Swinging Strike 1-2: Ball 2-2: Ball 3-2: Strikes out swinging
|
Bottom of the 6th over - 0 run(s), 2 hit(s), 0 error(s), 3 left on base; Eau Claire 1 - Salem 0 |
TOP OF THE 7TH |
Eau Claire Esquires batting - Pitching for Salem Sledgehammers : RHP Claudio Cuevas
|
Pitching: LHP Pepe Gómez
|
|
Batting: LHB José Martínez
|
0-0: Ball 1-0: Ball 2-0: Ball 3-0: Base on Balls
|
Pitching: RHP Blake Koepke
|
|
Batting: RHB Dave Anderson
|
0-0: Called Strike 0-1: Ball 1-1: Swinging Strike 1-2: Strikes out swinging
|
Batting: RHB Ramón Ybarra
|
0-0: Called Strike 0-1: Swinging Strike 0-2: Ball 1-2: Strikes out swinging
|
Batting: SHB José Gonzáles
|
0-0: Fly out, F8 (Flyball, 8LD)
|
Top of the 7th over - 0 run(s), 0 hit(s), 0 error(s), 1 left on base; Eau Claire 1 - Salem 0 |
BOTTOM OF THE 7TH |
Salem Sledgehammers batting - Pitching for Eau Claire Esquires : RHP Pete O'Connor
|
Batting: RHB Patrick Daniels
|
0-0: Ground out U3 (Groundball, 3L)
|
Batting: RHB José García
|
0-0: Ball 1-0: Ball 2-0: Ground out 4-3 (Groundball, 4)
|
Batting: RHB Lakota O'Reilly
|
0-0: Swinging Strike 0-1: Ball 1-1: Ground out 6-3 (Groundball, 56)
|
Bottom of the 7th over - 0 run(s), 0 hit(s), 0 error(s), 0 left on base; Eau Claire 1 - Salem 0 |
TOP OF THE 8TH |
Eau Claire Esquires batting - Pitching for Salem Sledgehammers : RHP Blake Koepke
|
Batting: RHB Vincente Ramírez
|
0-0: Ball 1-0: Called Strike 1-1: Swinging Strike 1-2: Strikes out swinging
|
Batting: SHB Eitor Carocha
|
0-0: Called Strike 0-1: Ball 1-1: Called Strike 1-2: Foul Ball, location: 2F 1-2: Strikes out swinging
|
Batting: RHB Nelson Castro
|
0-0: Ball 1-0: Foul Ball, location: 2F 1-1: Swinging Strike 1-2: Ground out 4-3 (Groundball, 4)
|
Top of the 8th over - 0 run(s), 0 hit(s), 0 error(s), 0 left on base; Eau Claire 1 - Salem 0 |
BOTTOM OF THE 8TH |
Salem Sledgehammers batting - Pitching for Eau Claire Esquires : RHP Pete O'Connor
|
Pitching: RHP Robinson Alomar
|
|
Now at 1B: Pancho Álvarez
|
|
Batting: RHB Gilberto Silva
|
0-0: Fly out, F9 (Line Drive, 89S)
|
Batting: SHB Enrique Uribe
|
0-0: Called Strike 0-1: Swinging Strike 0-2: Foul Ball, location: 2F 0-2: Ball 1-2: Ball 2-2: Fly out, F7 (Flyball, 78S)
|
Batting: LHB Nathan Frey
|
0-0: Called Strike 0-1: Ball 1-1: Called Strike 1-2: Ball 2-2: Ball 3-2: Base on Balls
|
Pinch Runner at 1st Donovan James:
|
|
Batting: SHB Richard Griffin
|
0-0: Ball 1-0: Ball 2-0: Called Strike 2-1: Foul Ball, location: 2F 2-2: Ball 3-2: SINGLE (Flyball, 7LS) Donovan James to second Donovan James to third
|
Batting: RHB Bobby Miller
|
0-0: Ball 1-0: Foul Ball, location: 2F 1-1: Ball 2-1: Foul Ball, location: 2F 2-2: Strikes out swinging
|
Bottom of the 8th over - 0 run(s), 1 hit(s), 0 error(s), 2 left on base; Eau Claire 1 - Salem 0 |
TOP OF THE 9TH |
Eau Claire Esquires batting - Pitching for Salem Sledgehammers : RHP Blake Koepke
|
Batting: LHB Johnny Foley
|
0-0: Ball 1-0: Ground out 2-3 (Groundball, 15S)
|
Batting: RHB Fernando Castellanos
|
0-0: Foul Ball, location: 2F 0-1: Ball 1-1: Ground out 3-1 (Groundball, 3D)
|
Batting: LHB José Martínez
|
0-0: Called Strike 0-1: Foul Ball, location: 2F 0-2: Ball 1-2: Ball 2-2: Ground out U3 (Groundball, 3)
|
Top of the 9th over - 0 run(s), 0 hit(s), 0 error(s), 0 left on base; Eau Claire 1 - Salem 0 |
|